 Dungeon Crawl Stone Soup version 0.31.0-1-g2c135a008e (webtiles) character file.

Game seed: 10875260264887705348

608 qw the Shooter (level 7, -5/53 HPs)
             Began as a Djinni Hunter on Jan 24, 2024.
             Slain by a hell rat (6 damage)
             ... in a sewer.
             The game lasted 00:00:15 (3195 turns).

qw the Shooter (Djinni Hunter)                      Turns: 3195, Time: 00:00:15

Health: -5/53      AC:  7    Str:  9 (10) XL:     7   Next: 71%
Gold:   188        EV: 11    Int:  8 (11) God:
                   SH:  0    Dex: 15 (18)

rFire   + + .        a - +3 shortbow
rCold   . . .        (shield currently unavailable)
rNeg    . . .        k - +0 ring mail {rC+}
rPois   inf          (no helmet)
rElec   .            b - +1 cloak
rCorr   .            (no gloves)
SInv    .            (boots unavailable)
Will    +....        (no amulet)
Stlth   +            g - ring of willpower
HPRegen 0.28/turn    (no ring)
MPRegen 0.00/turn

%: infuse magic (-6 HP)
@: flying
A: sickness immunity, fire resistance 2, cold vulnerability 1, float, innate
caster, HP casting, extra vitality 1
a: no special abilities


You were in a sewer.
You visited 1 branch of the dungeon, and saw 4 of its levels.
You also visited: Sewer.

You collected 188 gold pieces.


Innate Abilities, Weirdness & Mutations

You are immune to sickness and miasma.
You are immune to poison.
Your flesh is very heat resistant. (rF++)
You are vulnerable to cold. (rC-)
You float through the air rather than walking.
You learn spells naturally, not from books.
Your magical power is your life essence.
You have superior vitality. (+4 MHP)


   Skills:
 - Level 4.6 Fighting
 - Level 6.0 Ranged Weapons
 + Level 1.2 Armour
 - Level 3.1 Dodging
 - Level 0.7 Stealth


You knew the following spells:

 Your Spells              Type           Power      Damage    Failure   Level
a - Freeze                Ice            0%         1d3       77%         1
b - Searing Ray           Conj           0%         2d4       88%         2
c - Scorch                Fire           0%         2d5       88%         2
Your spell library was empty.

Inventory:

Hand Weapons
 a - a +3 shortbow (weapon)
Armour
 b - a +1 cloak (worn)
 k - a +0 ring mail of cold resistance (worn)
Jewellery
 g - a ring of willpower (left hand)
 j - a ring of ice
Wands
 d - a wand of roots (9)
 o - a wand of acid (6)
Scrolls
 p - a scroll of teleportation
Potions
 e - a potion of heal wounds
 f - a potion of haste {unknown}
 h - a potion of curing {unknown}
 i - a potion of cancellation {unknown}
 l - a potion of brilliance {unknown}

Dungeon Overview and Level Annotations

Branches:
Dungeon (4/15)              Sewer (1/1)
 Temple: D:4-7

Altars:
Hepliaklqana
Trog

Annotations:
D:4 1 runed translucent door, qw's ghost, novice GrHu


Message History

You shoot an arrow. The arrow closely misses the rat.
The rat bites you but does no damage.
You shoot an arrow. The arrow hits the rat!
You kill the rat!
You shoot an arrow. The arrow hits the rat.
You kill the rat!
You start resting.
HP restored.
You see here a rat corpse.
You reach down and open the door.
A hell rat comes into view.
Found six items.
Found a gate leading back out of this place.
You shoot an arrow. The arrow barely misses the hell rat.
You shoot an arrow. The arrow hits the hell rat.
The hell rat is moderately wounded.
You shoot an arrow. The arrow closely misses the hell rat.
The hell rat bites you!
You shoot an arrow. The arrow hits the hell rat.
The hell rat is moderately wounded.
The hell rat barely misses you.
The hell rat bites you but does no damage.
You shoot an arrow.
The arrow hits the hell rat but does no damage.
The hell rat is moderately wounded.
The hell rat bites you!
You shoot an arrow. The arrow barely misses the hell rat.
The hell rat bites you.
The hell rat bites you but does no damage.
You shoot an arrow. The arrow closely misses the hell rat.
The hell rat completely misses you.
You shoot an arrow. The arrow hits the hell rat.
The hell rat is heavily wounded.
The hell rat bites you! The hell rat bites you.
You shoot an arrow. The arrow hits the hell rat.
The hell rat is heavily wounded.
The hell rat bites you.
You shoot an arrow. The arrow closely misses the hell rat.
The hell rat bites you! The hell rat bites you.
You die...

###~~~.%\~..~~#
#~..~.#####..~.~
##.~.###!\?###.~~
#~..##.!!!!?~# ..
#~~~# ~~~~~.~ .
#~..## ~~~~~ .
##~.~###~~~ ~~.
#..~..##r##~.~.~
###..~..@~..~.#
###.~~.~~.###
#########


You could see a hell rat.

Vanquished Creatures
  A black bear (D:4)
  2 phantoms (D:4)
  A hound (D:4)
  A jelly (D:4)
  2 bombardier beetles (D:3)
  Natasha (thrice) (D:2)
  5 adders
  4 river rats (Sewer)
  A ribbon worm (D:2)
  A dart slug (D:1)
  4 orcs
  7 ball pythons
  7 bats
  5 endoplasms
  5 giant cockroaches
  7 goblins
  10 hobgoblins
  6 jackals
  5 quokkas
  2 frilled lizards
  4 kobolds
  16 rats
99 creatures vanquished.

Vanquished Creatures (others)
  An arcanist (D:4)
1 creature vanquished.

Grand Total: 100 creatures vanquished

Notes
Turn   | Place    | Note
-------+----------+-------------------------------------------
     0 | D:1      | qw the Djinni Hunter began the quest for the Orb.
     0 | D:1      | Reached XP level 1. HP: 18/18 MP: 0/0
     0 | D:1      | 0 ||| qw: Version: 0.3-a-136-gdd3b4e8
     0 | D:1      | 0 ||| qw: Game counter: 1432
     0 | D:1      | 0 ||| qw: Melee chars always use a shield: true
     0 | D:1      | 0 ||| qw: God list: Okawaru
     0 | D:1      | 0 ||| qw: Allow faded altars: false
     0 | D:1      | 0 ||| qw: Do Orc after clearing Dungeon:15 true
     0 | D:1      | 0 ||| qw: Do second Lair branch before Depths: true
     0 | D:1      | 0 ||| qw: Lair rune preference: random
     0 | D:1      | 0 ||| qw: Goals: Normal
     0 | D:1      | 0 ||| PLANNING D:1-11
   151 | D:1      | Reached XP level 2. HP: 23/23 MP: 0/0
   384 | D:1      | Reached skill level 4 in Ranged Weapons
   384 | D:1      | Reached XP level 3. HP: 28/28 MP: 0/0
   384 | D:1      | Learned a level 1 spell: Freeze
   857 | D:1      | 857 ||| UPGRADING to +0 ring mail.
   867 | D:1      | 867 ||| DROPPING +0 leather armour.
   868 | D:1      | 868 ||| UPGRADING to ring of willpower.
   869 | D:1      | 869 ||| READING scroll labelled MIMIFO DUNOWAE.
   870 | D:1      | 870 ||| READING scroll labelled ILENAT SERHERCH.
   871 | D:1      | 871 ||| READING scroll labelled MYTALOECEC.
   972 | D:1      | 972 ||| READING scroll labelled CEGUIPR LIDI.
   973 | D:1      | 973 ||| DROPPING scroll of butterflies.
   999 | D:2      | 999 ||| STAIRDANCE
  1026 | D:2      | Reached skill level 1 in Armour
  1108 | D:2      | Identified the +0 mace of Wu Jian, Transmuting {elec,
                  | Str+4}
  1166 | D:2      | Reached XP level 4. HP: 34/34 MP: 0/0
  1275 | D:2      | You are sucked into a shaft and drop 1 floor!
  1291 | D:3      | Reached skill level 3 in Fighting
  1326 | D:3      | 1326 ||| UPGRADING to ring of ice.
  1327 | D:3      | 1327 ||| READING scroll labelled KUDDET HIJEDA.
  1332 | D:3      | 1332 ||| READING scroll labelled GUCLAGOGOO.
  1333 | D:3      | 1333 ||| READING scroll labelled UXKIDUO FESUSKOT.
  1333 | D:3      | 1333 ||| ENCHANTING +0 shortbow.
  1334 | D:3      | 1334 ||| READING scroll labelled NUXKYD FI JYNY.
  1345 | D:2      | Noticed Natasha
  1350 | D:2      | 1350 ||| RETREEEEATING.
  1351 | D:2      | 1351 ||| RETREEEEATING.
  1352 | D:2      | 1352 ||| RETREEEEATING.
  1353 | D:2      | 1353 ||| RETREEEEATING.
  1357 | D:2      | Killed Natasha
  1358 | D:2      | Reached XP level 5. HP: 29/40 MP: 0/0
  1358 | D:2      | Learned a level 2 spell: Searing Ray
  1449 | D:2      | 1449 ||| READING scroll of enchant weapon.
  1449 | D:2      | 1449 ||| ENCHANTING +1 shortbow.
  1608 | D:2      | Noticed Natasha
  1611 | D:2      | Killed Natasha
  1617 | D:2      | Noticed Natasha
  1619 | D:2      | 1619 ||| FLEEEEING.
  1620 | D:2      | 1620 ||| FLEEEEING.
  1626 | D:2      | Killed Natasha
  1627 | D:2      | Reached skill level 5 in Ranged Weapons
  1732 | D:2      | 1732 ||| UPGRADING to +0 cloak.
  1814 | D:3      | 1814 ||| READING scroll of enchant weapon.
  1814 | D:3      | 1814 ||| ENCHANTING +2 shortbow.
  1835 | D:3      | Reached skill level 3 in Dodging
  1835 | D:3      | Reached XP level 6. HP: 46/46 MP: 0/0
  2343 | D:3      | 2343 ||| UPGRADING to +0 ring mail of cold resistance.
  2353 | D:3      | 2353 ||| REMOVING ring of ice.
  2354 | D:3      | 2354 ||| DROPPING +0 ring mail.
  2355 | D:3      | 2355 ||| DRINKING 2 murky yellow potions.
  2383 | D:4      | 2383 ||| PLANNING SEWER
  2450 | D:4      | Found a hazy altar of Hepliaklqana.
  2580 | D:4      | Noticed a black bear
  2586 | D:4      | Killed a black bear
  2587 | D:4      | Reached XP level 7. HP: 46/53 MP: 0/0
  2587 | D:4      | Learned a level 2 spell: Scorch
  2844 | D:4      | Noticed qw's ghost (novice GrHu)
  2848 | D:4      | Found a runed translucent door.
  3006 | D:4      | Found a bloodstained altar of Trog.
  3008 | D:4      | Noticed a wizard
  3013 | D:4      | Killed a wizard
  3062 | D:4      | Found a glowing drain.
  3063 | D:4      | 3063 ||| READING scroll labelled UTAKLU TIEJY.
  3063 | D:4      | 3063 ||| ENCHANTING +0 cloak.
  3064 | D:4      | 3064 ||| DRINKING 2 orange potions.
  3065 | D:4      | 3065 ||| DRINKING 2 white potions.
  3066 | D:4      | 3066 ||| DROPPING potion of degeneration.
  3067 | D:4      | 3067 ||| DROPPING potion of magic.
  3084 | Sewer    | Entered a sewer
  3098 | Sewer    | Reached skill level 6 in Ranged Weapons
  3195 | Sewer    | HP: 1/53 [hell rat (14)]
  3195 | Sewer    | Slain by a hell rat

Levels and vault maps discovered:
D:1:      sevenhm_arrival_forest_fort_small_5, layout_basic
D:2:      layout_loops_ring, uniq_natasha
D:3:      layout_loops_ring
D:4:      layout_layer_cave, nzn_hepliaklqana_mist_gate, trog_wizard,
          portal_sewer_entry_f, hellmonk_ghost_happy_afterlife
Sewer:    sewer_hellmonk_bad_rat

Skill      XL: |  1  2  3  4  5  6  7 |
---------------+----------------------+-----
Ranged Weapons | 4 5 6 |  6.0
Armour         | 1 |  1.2
Fighting       | 3 4 |  4.6
Dodging        | 3 |  3.1
Stealth        | |  0.7

Action                     |  1- 3 |  4- 6 |  7- 9 || total
---------------------------+-------+-------+-------++-------
   Fire: Shortbow          |    93 |   117 |    83 ||   293
    Use: Scroll            |     4 |     6 |     1 ||    11
         Potion            |       |     1 |     2 ||     3
 Armour: Leather armour    |    13 |       |       ||    13
         Ring mail         |    11 |    45 |    65 ||   121
  Dodge: Dodged            |    22 |    33 |    40 ||    95

Table legend:
 A = Non-vault XP
 B = Vault XP
 C = Vault XP percentage of total XP
 D = Non-vault monster count
 E = Vault monster count
 F = Vault count percentage of total count
                 A         B        C        D         E       F
            +---------+---------+-------+---------+---------+-------
      Total |     765 |     104 |  12.0 |      82 |      17 |  17.2
            +---------+---------+-------+---------+---------+-------
        D:1 |      47 |       0 |   0.0 |      28 |       0 |   0.0
        D:2 |     109 |      33 |  23.2 |      18 |       1 |   5.3
        D:3 |     149 |       0 |   0.0 |      19 |       0 |   0.0
        D:4 |     460 |      10 |   2.1 |      17 |       5 |  22.7
      Sewer |       0 |      61 | 100.0 |       0 |      11 | 100.0
            +---------+---------+-------+---------+---------+-------
